TOP OF THE 1ST |
Binghamton Mets batting - Pitching for Great Lakes Loons : RHP Loc Pham
|
Pitching: RHP Loc Pham
|
|
Batting: RHB Michael Youngberry
|
0-0: Called Strike 0-1: Swinging Strike 0-2: Ball 1-2: TRIPLE (Flyball, 89XD, EV 111.2 MPH)
|
Batting: SHB Nick Daigle
|
0-0: Ball 1-0: Fly out, F8 (Flyball, 8LD, EV 102.5 MPH) Runner from 3rd tags up, SCORES, no throw by CF
|
Batting: SHB Tyler Maddux
|
0-0: Called Strike 0-1: Ball 1-1: DOUBLE (Line Drive, 78M, EV 103.8 MPH)
|
Batting: RHB Sam Callahan
|
0-0: Ball 1-0: Foul Ball, location: 2F 1-1: Foul Ball, location: 2F 1-2: Strikes out swinging
|
Batting: SHB Keith Casner
|
0-0: Ball 1-0: Ball 2-0: Called Strike 2-1: Swinging Strike 2-2: Strikes out looking
|
Top of the 1st over - 1 run, 2 hits, 0 errors, 1 left on base; Binghamton 1 - Great Lakes 0 |
BOTTOM OF THE 1ST |
Great Lakes Loons batting - Pitching for Binghamton Mets : RHP Dan Mathews
|
Pitching: RHP Dan Mathews
|
|
Batting: RHB Pablo Lopez
|
0-0: Ball 1-0: Ball 2-0: SOLO HOME RUN (Flyball, 7D, EV 102.5 MPH), Distance : 416 ft
|
Batting: SHB Josh Vaill
|
0-0: Called Strike 0-1: Hit by Pitch
|
Batting: RHB Jonathan Kirsch
|
0-0: SINGLE (Groundball, 56D, EV 106.9 MPH) Josh Vaill to second
|
Batting: LHB Jim Jardine
|
0-0: Ball 1-0: Swinging Strike 1-1: Called Strike 1-2: Ball 2-2: Fielders Choice at 2nd, 6-4 (Groundball, 6D, EV 88.1 MPH) Josh Vaill to third
|
Batting: RHB Eddie Perry
|
0-0: Ball Wild Pitch! Josh Vaill scores Jim Jardine to second 1-0: Ball 2-0: Called Strike 2-1: Ball 3-1: Base on Balls
|
Batting: LHB Josh Moore
|
0-0: Ball 1-0: Reached on error, E4 (Groundball, 4, EV 86.2 MPH) Jim Jardine to third Eddie Perry to second
|
Batting: RHB Alex Melgoza
|
0-0: Grounds into double play, 6-4-3 (Groundball, 6, EV 101.9 MPH)
|
Bottom of the 1st over - 2 runs, 2 hits, 1 error, 2 left on base; Binghamton 1 - Great Lakes 2 |
TOP OF THE 2ND |
Binghamton Mets batting - Pitching for Great Lakes Loons : RHP Loc Pham
|
Batting: RHB Jake Geib
|
0-0: Ball 1-0: Called Strike 1-1: Foul Ball, location: 2F 1-2: Ball 2-2: Ball 3-2: Foul Ball, location: 2F 3-2: Base on Balls
|
Batting: LHB Jeremy Moorehead
|
0-0: Foul Ball, location: 2F 0-1: Foul Ball, location: 2F 0-2: Strikes out swinging
|
Batting: RHB Gang-sheng Chew
|
0-0: Ball 1-0: Ball 2-0: Fielders Choice at 2nd, 5-4 (Groundball, 56, EV 83.1 MPH)
|
Batting: RHB Roberto Delgado
|
0-0: Ball 1-0: SINGLE (Groundball, 34D, EV 93.8 MPH) Gang-sheng Chew to second Runner from 2nd tries for 3rd, SAFE, throw by RF made to third
|
Batting: RHB Michael Youngberry
|
0-0: Ball 1-0: Called Strike 1-1: Called Strike 1-2: Foul Ball, location: 2F 1-2: Foul Ball, location: 2F 1-2: Ball 2-2: Strikes out swinging
|
Top of the 2nd over - 0 runs, 1 hit, 0 errors, 2 left on base; Binghamton 1 - Great Lakes 2 |
BOTTOM OF THE 2ND |
Great Lakes Loons batting - Pitching for Binghamton Mets : RHP Dan Mathews
|
Batting: RHB Mike Kaczor
|
0-0: Ball 1-0: Ball 2-0: Called Strike 2-1: Called Strike 2-2: Ball 3-2: Foul Ball, location: 2F 3-2: Foul Ball, location: 2F 3-2: Foul Ball, location: 2F 3-2: SINGLE (Flyball, 3D, EV 90.6 MPH)
|
Batting: SHB Hank Arias
|
0-0: Ball 1-0: Foul Ball, location: 2F 1-1: Ball 2-1: SINGLE (Groundball, 34, EV 89.4 MPH) (infield hit) Mike Kaczor to second
|
Batting: RHB Pablo Lopez
|
0-0: Fielders Choice at 2nd, 6-4 (Groundball, 6, EV 85.0 MPH) Mike Kaczor to third
|
Batting: SHB Josh Vaill
|
0-0: Ball 1-0: Ball 2-0: Called Strike 2-1: Foul Ball, location: 2F 2-2: Ground out 4-3 (Groundball, 34D, EV 105.6 MPH) Mike Kaczor scores Pablo Lopez to second
|
Batting: RHB Jonathan Kirsch
|
0-0: Fly out, F4 (Line Drive, 4, EV 68.1 MPH)
|
Bottom of the 2nd over - 1 run, 2 hits, 0 errors, 1 left on base; Binghamton 1 - Great Lakes 3 |
TOP OF THE 3RD |
Binghamton Mets batting - Pitching for Great Lakes Loons : RHP Loc Pham
|
Batting: SHB Nick Daigle
|
0-0: Called Strike 0-1: Ball 1-1: Foul Ball, location: 2F 1-2: Ball 2-2: Ball 3-2: Ground out 4-3 (Groundball, 4S, EV 86.9 MPH)
|
Batting: SHB Tyler Maddux
|
0-0: Ball 1-0: Ball 2-0: Ball 3-0: Base on Balls
|
Batting: RHB Sam Callahan
|
0-0: Ball 1-0: Foul Ball, location: 2F 1-1: Foul Ball, location: 2F 1-2: Ground out 4-3 (Groundball, 34, EV 81.9 MPH) Tyler Maddux to second
|
Batting: SHB Keith Casner
|
0-0: Ground out 4-3 (Groundball, 34D, EV 109.4 MPH)
|
Top of the 3rd over - 0 runs, 0 hits, 0 errors, 1 left on base; Binghamton 1 - Great Lakes 3 |
BOTTOM OF THE 3RD |
Great Lakes Loons batting - Pitching for Binghamton Mets : RHP Dan Mathews
|
Batting: LHB Jim Jardine
|
0-0: Ball 1-0: Foul Ball, location: 2F 1-1: Foul Ball, location: 2F 1-2: Ground out 2-3 (Groundball, 15S, EV 61.9 MPH)
|
Batting: RHB Eddie Perry
|
0-0: Called Strike 0-1: Called Strike 0-2: Ball 1-2: Strikes out swinging
|
Batting: LHB Josh Moore
|
0-0: Called Strike 0-1: Foul Ball, location: 2F 0-2: Foul Ball, location: 2F 0-2: Ball 1-2: Ball 2-2: Foul Ball, location: 2F 2-2: Ground out 4-3 (Groundball, 4, EV 93.1 MPH)
|
Bottom of the 3rd over - 0 runs, 0 hits, 0 errors, 0 left on base; Binghamton 1 - Great Lakes 3 |
TOP OF THE 4TH |
Binghamton Mets batting - Pitching for Great Lakes Loons : RHP Loc Pham
|
Batting: RHB Jake Geib
|
0-0: SINGLE (Groundball, 6MD, EV 97.5 MPH)
|
Batting: LHB Jeremy Moorehead
|
0-0: Foul Ball, location: 2F 0-1: Ball 1-1: Ground out 4-3 (Groundball, 34, EV 99.4 MPH) Jake Geib to second
|
Batting: RHB Gang-sheng Chew
|
0-0: Ball 1-0: Swinging Strike 1-1: Foul Ball, location: 2F 1-2: Foul Ball, location: 2F 1-2: Foul Ball, location: 2F 1-2: Foul Ball, location: 2F 1-2: Foul Ball, location: 2F 1-2: Hit by Pitch
|
Batting: RHB Roberto Delgado
|
0-0: Ball 1-0: SINGLE (Groundball, 4MD, EV 106.9 MPH) Jake Geib to third Gang-sheng Chew to second Runner from 3rd tries for Home, SAFE, throw by CF to home
|
Batting: RHB Michael Youngberry
|
0-0: Grounds into double play, 4-6-3 (Groundball, 4, EV 86.9 MPH)
|
Top of the 4th over - 1 run, 2 hits, 0 errors, 1 left on base; Binghamton 2 - Great Lakes 3 |
BOTTOM OF THE 4TH |
Great Lakes Loons batting - Pitching for Binghamton Mets : RHP Dan Mathews
|
Batting: RHB Alex Melgoza
|
0-0: Ball 1-0: Foul Ball, location: 2F 1-1: Ground out 6-3 (Groundball, 6S, EV 90.6 MPH)
|
Batting: RHB Mike Kaczor
|
0-0: Ball 1-0: Foul Ball, location: 2F 1-1: Ball 2-1: Swinging Strike 2-2: Fly out, F8 (Flyball, 8RD, EV 84.4 MPH)
|
Batting: SHB Hank Arias
|
0-0: Called Strike 0-1: Ball 1-1: Foul Ball, location: 2F 1-2: Ground out U3 (Groundball, 3, EV 85.0 MPH)
|
Bottom of the 4th over - 0 runs, 0 hits, 0 errors, 0 left on base; Binghamton 2 - Great Lakes 3 |
TOP OF THE 5TH |
Binghamton Mets batting - Pitching for Great Lakes Loons : RHP Loc Pham
|
Batting: SHB Nick Daigle
|
0-0: Called Strike 0-1: Foul Ball, location: 2F 0-2: Strikes out looking
|
Batting: SHB Tyler Maddux
|
0-0: Ball 1-0: SINGLE (Groundball, 4MD, EV 96.2 MPH)
|
Batting: RHB Sam Callahan
|
0-0: Ball Tyler Maddux is caught stealing 2nd base 2-4 1-0: Ball 2-0: Ball 3-0: Called Strike 3-1: Ground out 4-3 (Groundball, 4, EV 84.4 MPH)
|
Top of the 5th over - 0 runs, 1 hit, 0 errors, 0 left on base; Binghamton 2 - Great Lakes 3 |
BOTTOM OF THE 5TH |
Great Lakes Loons batting - Pitching for Binghamton Mets : RHP Dan Mathews
|
Batting: RHB Pablo Lopez
|
0-0: Ball 1-0: Ball 2-0: Ground out 6-3 (Groundball, 6, EV 93.8 MPH)
|
Batting: SHB Josh Vaill
|
0-0: Ball 1-0: SINGLE (Line Drive, 56D, EV 108.1 MPH)
|
Batting: RHB Jonathan Kirsch
|
0-0: Ball 1-0: SINGLE (Groundball, 56D, EV 100.6 MPH) (infield hit) Josh Vaill to second
|
Batting: LHB Jim Jardine
|
0-0: Ball 1-0: Grounds into double play, 6-4-3 (Groundball, 6, EV 89.4 MPH)
|
Bottom of the 5th over - 0 runs, 2 hits, 0 errors, 1 left on base; Binghamton 2 - Great Lakes 3 |
TOP OF THE 6TH |
Binghamton Mets batting - Pitching for Great Lakes Loons : RHP Loc Pham
|
Batting: SHB Keith Casner
|
0-0: Ball 1-0: Ground out 4-3 (Groundball, 34, EV 81.2 MPH)
|
Batting: RHB Jake Geib
|
0-0: Ball 1-0: Called Strike 1-1: Swinging Strike 1-2: Foul Ball, location: 2F 1-2: Foul Ball, location: 2F 1-2: Ball 2-2: Ball 3-2: SINGLE (Groundball, 6MD, EV 93.8 MPH)
|
Pitching: RHP Edwin Vega
|
|
Batting: LHB Jeremy Moorehead
|
0-0: Swinging Strike 0-1: Ball 1-1: Foul Ball, location: 2F 1-2: Ball 2-2: Grounds into double play, 4-6-3 (Groundball, 4, EV 83.8 MPH)
|
Top of the 6th over - 0 runs, 1 hit, 0 errors, 0 left on base; Binghamton 2 - Great Lakes 3 |
BOTTOM OF THE 6TH |
Great Lakes Loons batting - Pitching for Binghamton Mets : RHP Dan Mathews
|
Batting: RHB Eddie Perry
|
0-0: Ball 1-0: Called Strike 1-1: Ball 2-1: Fly out, F8 (Flyball, 78M, EV 94.4 MPH)
|
Pitching: RHP Battista Aldobrandini
|
|
Batting: LHB Josh Moore
|
0-0: Ball 1-0: Called Strike 1-1: Foul Ball, location: 2F 1-2: Strikes out swinging
|
Batting: RHB Alex Melgoza
|
0-0: Ball 1-0: Ball 2-0: Called Strike 2-1: DOUBLE (Line Drive, 7LM, EV 108.1 MPH)
|
Batting: RHB Mike Kaczor
|
0-0: Called Strike 0-1: Called Strike 0-2: Ball 1-2: Strikes out swinging
|
Bottom of the 6th over - 0 runs, 1 hit, 0 errors, 1 left on base; Binghamton 2 - Great Lakes 3 |
TOP OF THE 7TH |
Binghamton Mets batting - Pitching for Great Lakes Loons : RHP Edwin Vega
|
Now at 1B: Alex Melgoza
|
|
Now at 2B: Ingidayehu Lagat
|
|
Now in LF: Ramon Vega
|
|
Now in RF: Juan Gallardo
|
|
Batting: RHB Gang-sheng Chew
|
0-0: Swinging Strike 0-1: Foul Ball, location: 2F 0-2: Ball 1-2: Strikes out swinging
|
Batting: RHB Roberto Delgado
|
0-0: Ball 1-0: Fly out, F9 (Flyball, 9, EV 76.2 MPH)
|
Batting: RHB Michael Youngberry
|
0-0: Called Strike 0-1: Ball 1-1: Ball 2-1: Ball 3-1: Swinging Strike 3-2: Strikes out looking
|
Top of the 7th over - 0 runs, 0 hits, 0 errors, 0 left on base; Binghamton 2 - Great Lakes 3 |
BOTTOM OF THE 7TH |
Great Lakes Loons batting - Pitching for Binghamton Mets : RHP Battista Aldobrandini
|
Pitching: RHP Kyle Moser
|
|
Batting: SHB Hank Arias
|
0-0: Fly out, F8 (Line Drive, 89M, EV 90.0 MPH)
|
Batting: RHB Pablo Lopez
|
0-0: Swinging Strike 0-1: Swinging Strike 0-2: Ball 1-2: Ball 2-2: Foul Ball, location: 2F 2-2: Strikes out swinging
|
Batting: SHB Josh Vaill
|
0-0: Ball 1-0: Called Strike 1-1: Ball 2-1: Ground out 3-1 (Groundball, 34S, EV 85.0 MPH)
|
Bottom of the 7th over - 0 runs, 0 hits, 0 errors, 0 left on base; Binghamton 2 - Great Lakes 3 |
TOP OF THE 8TH |
Binghamton Mets batting - Pitching for Great Lakes Loons : RHP Edwin Vega
|
Pitching: RHP Balinda Msrah
|
|
Batting: SHB Nick Daigle
|
0-0: Ball 1-0: Foul Ball, location: 2F 1-1: Foul Ball, location: 2F 1-2: Strikes out swinging
|
Batting: SHB Tyler Maddux
|
0-0: Foul Ball, location: 2F 0-1: Ball 1-1: Called Strike 1-2: Foul Ball, location: 2F 1-2: SINGLE (Groundball, 4MD, EV 104.4 MPH)
|
Batting: RHB Sam Callahan
|
0-0: Swinging Strike 0-1: Ground out 6-3 (Groundball, 6S, EV 69.4 MPH) Tyler Maddux to second
|
Batting: SHB Keith Casner
|
0-0: Swinging Strike 0-1: Called Strike 0-2: Ground out U3 (Groundball, 3, EV 88.8 MPH)
|
Top of the 8th over - 0 runs, 1 hit, 0 errors, 1 left on base; Binghamton 2 - Great Lakes 3 |
BOTTOM OF THE 8TH |
Great Lakes Loons batting - Pitching for Binghamton Mets : RHP Kyle Moser
|
Batting: RHB Juan Gallardo
|
0-0: Foul Ball, location: 2F 0-1: Ground out U3 (Groundball, 34S, EV 83.1 MPH)
|
Batting: LHB Ramon Vega
|
0-0: Ground out U3 (Groundball, 3, EV 78.1 MPH)
|
Batting: RHB Eddie Perry
|
0-0: Called Strike 0-1: Ground out 4-3 (Groundball, 6MD, EV 101.2 MPH)
|
Bottom of the 8th over - 0 runs, 0 hits, 0 errors, 0 left on base; Binghamton 2 - Great Lakes 3 |
TOP OF THE 9TH |
Binghamton Mets batting - Pitching for Great Lakes Loons : RHP Balinda Msrah
|
Pitching: RHP Jared Wisham
|
|
Batting: RHB Jake Geib
|
0-0: Foul Ball, location: 2F 0-1: Foul Ball, location: 2F 0-2: Ball 1-2: Foul Ball, location: 2F 1-2: Strikes out swinging
|
Batting: LHB Jeremy Moorehead
|
0-0: Foul Ball, location: 2F 0-1: Ball 1-1: Ball 2-1: Fly out, F9 (Flyball, 89M, EV 83.8 MPH)
|
Batting: RHB Gang-sheng Chew
|
0-0: Swinging Strike 0-1: Swinging Strike 0-2: Ball 1-2: Foul Ball, location: 2F 1-2: Strikes out swinging
|
Top of the 9th over - 0 runs, 0 hits, 0 errors, 0 left on base; Binghamton 2 - Great Lakes 3 |
|